 Dungeon Crawl Stone Soup version 0.21.2-1-g0862bd23eb (webtiles) character file.

11760 MordorOrchid the Grappler (level 11, -2/98 HPs)
             Began as a Troll Wizard on Nov 30, 2019.
             Was the Champion of Cheibriados.
             Slain by an eight-headed hydra (shapeshifter) (8 damage)
             ... on level 11 of the Dungeon.
             The game lasted 00:39:00 (8794 turns).

MordorOrchid the Grappler (Troll Wizard)            Turns: 8794, Time: 00:39:00

Health: -2/98      AC: 10    Str: 43    XL:     11   Next: 53%
Magic:  13/16      EV: 16    Int: 32    God:    Cheibriados [******]
Gold:   562        SH:  0    Dex: 23    Spells: 5/18 levels left

rFire    . . .     SeeInvis .     - Unarmed
rCold    . . .     Gourm    +   (no shield)
rNeg     . . .     Faith    .   V - +0 troll leather armour
rPois    .         Spirit   .   e - +2 hat
rElec    .         Reflect  .   C - +0 cloak
rCorr    .         Harm     .   (gloves unavailable)
MR       .....                  (boots unavailable)
Stlth    ++........             (no amulet)
HPRegen  1.06/turn              t - +5 ring of strength
MPRegen  0.15/turn              k - +6 ring of strength

@: very slow
A: large, unfitting armour, claws 3, fast metabolism 3, gourmand, regeneration
1, shaggy fur 1, tough skin 2
a: Bend Time, Temporal Distortion, Slouch, Step From Time, Renounce Religion


You were on level 11 of the Dungeon.
You worshipped Cheibriados.
Cheibriados was exalted by your worship.
You were completely stuffed.

You visited 1 branch of the dungeon, and saw 11 of its levels.
You also visited: Sewer.

You collected 562 gold pieces.

Inventory:

Hand Weapons
 a - a +3 scimitar of flaming
 s - the +8 flail of Wofoisat {pain, Fragile MP+9 Dex+3}
   (You found it on level 5 of the Dungeon)

   In the hands of one skilled in necromantic magic, it inflicts extra damage on
   living creatures.
   It affects your dexterity (+3).
   It affects your magic capacity (+9).
   It will be destroyed if unequipped.
Missiles
 B - 39 poisoned needles
 L - 2 throwing nets
 O - 17 tomahawks (quivered)
 R - 4 javelins
Armour
 e - a +2 hat (worn)
 C - a +0 cloak (worn)
 V - a +0 troll leather armour (worn)
Jewellery
 f - an uncursed ring of stealth
 i - an uncursed ring of poison resistance
 k - a +6 ring of strength (right claw)
 p - an uncursed ring of protection from magic
 t - a +5 ring of strength (left claw)
 P - an uncursed ring of flight
Wands
 G - a wand of enslavement (8)
 H - a wand of polymorph (12)
 I - a wand of digging (8)
 K - a wand of clouds (15)
 N - a wand of paralysis (21)
Scrolls
 g - 4 scrolls of amnesia
 j - 3 scrolls of magic mapping
 m - 8 scrolls of remove curse
 n - a scroll of random uselessness {unknown}
 y - 4 scrolls of fog
 z - a scroll of teleportation
 D - a scroll of brand weapon {unknown}
 J - a scroll of summoning
 M - a scroll of immolation {unknown}
 S - a scroll of enchant weapon {unknown}
Potions
 h - 5 potions of curing
 o - 2 potions of lignification
 q - a potion of agility {unknown}
 r - a potion of brilliance {unknown}
 u - 3 potions of heal wounds
 v - a potion of might
 w - 3 potions of magic
 x - 4 potions of flight
 A - a potion of cancellation
 E - 4 potions of ambrosia
 F - a potion of invisibility
Books
 c - a book of Minor Magic

   Spells                             Type                      Level
   a - Magic Dart                     Conjuration                  1
   b - Blink                          Translocation                2
   c - Call Imp                       Summoning                    2
   d - Slow                           Hexes                        2
   e - Conjure Flame                  Conjuration/Fire             3
   f - Mephitic Cloud                 Conjuration/Poison/Air       3
 l - a book of Cantrips

   Spells                             Type                      Level
   a - Confusing Touch                Hexes                        1
   b - Animate Skeleton               Necromancy                   1
   c - Summon Small Mammal            Summoning                    1
   d - Apportation                    Translocation                1
 T - a book of Enchantments

   Spells                             Type                      Level
   a - Cause Fear                     Hexes                        4
   b - Yara's Violent Unravelling     Hexes/Transmutation          5
   c - Silence                        Hexes/Air                    5
   d - Deflect Missiles               Charms/Air                   6
   e - Discord                        Hexes                        8
Miscellaneous
 b - a phantom mirror
Comestibles
 d - 18 rations
 U - 2 chunks of flesh


   Skills:
 * Level 3.7 Fighting
 - Level 2.1 Throwing
 * Level 2.6 Armour
 + Level 8.1 Dodging
 - Level 1.0 Stealth
 - Level 10.0 Unarmed Combat
 - Level 4.0 Spellcasting
 - Level 2.0 Conjurations
 - Level 2.0 Hexes
 - Level 2.1 Summonings
 - Level 1.2 Necromancy
 - Level 0.6 Translocations
 - Level 2.0 Fire Magic
 - Level 2.0 Air Magic
 - Level 5.0 Invocations
 * Level 0.6 Evocations


You had 5 spell levels left.
You knew the following spells:

 Your Spells              Type           Power        Failure   Level  Hunger
a - Magic Dart            Conj           ###.         2%          1    None
b - Call Imp              Summ           ###.....     3%          2    None
c - Conjure Flame         Conj/Fire      ###.....     8%          3    ##.....
g - Mephitic Cloud        Conj/Pois/Air  ###.....     11%         3    ##.....
u - Animate Skeleton      Necr           N/A          3%          1    None
x - Blink                 Tloc           N/A          7%          2    None
A - Confusing Touch       Hex            ###...       2%          1    None


Dungeon Overview and Level Annotations

Branches:
Dungeon (11/15)            Temple (0/1) D:4            Lair (0/6) D:10
    Orc (0/2) D:9

Altars:
Cheibriados
Makhleb
Nemelex Xobeh
Zin

Shops:
D:5 [   D:10 *

Annotations:
D:10 exclusion: 2 hell hounds


Innate Abilities, Weirdness & Mutations

You are too large for most types of armour.
You have claws for hands.
Your metabolism is lightning-fast.
You like to eat raw meat.
Your natural rate of healing is unusually fast.
You are covered in fur. (AC +1)
You have very tough skin. (AC +2)


Message History

* * * LOW HITPOINT WARNING * * *
The eight-headed hydra bites you.
* * * LOW HITPOINT WARNING * * *
The eight-headed hydra bites you!
* * * LOW HITPOINT WARNING * * *
The eight-headed hydra bites you but does no damage.
The eight-headed hydra closely misses you.
The eight-headed hydra misses you.
The eight-headed hydra closely misses you.
Unknown command.
Evoke which item? (* to show all) (? for menu, Esc to quit)
Aiming: Cloud Cone
Press: ? - help, Dir - move target cursor, f - eight-headed hydra
Aim: an eight-headed hydra shaped shifter (severely wounded)
You create a blast of noxious fumes!
The eight-headed hydra misses you. x2
The eight-headed hydra bites you.
* * * LOW HITPOINT WARNING * * *
The eight-headed hydra closely misses you.
The eight-headed hydra bites you!
You die...

.......### #.()((....... .
###.#### #.########### . ##..#
#. o ....# #. . ###.# #. ###. #
#.# ##.oo # #.# ####
#########..## # #.# ##...
#########o..†..)o.##
###.###..####...@Dzz{o#########
..............#########
###.###.####### #.###.# #.##..#
#..#.## ##...# #####


You could see an eight-headed hydra shaped shifter, 2 wights and 2 orcs.

Vanquished Creatures
  The ghost of MordorOrchid the Grappler, a journeyman TrWz of Cheibriados (D:11)
  Erica (D:8)
  A two-headed ogre (D:8)
  Urug (D:10)
  Pikel (D:6)
  An ugly thing (D:11)
  Maurice (D:9)
  A komodo dragon (D:11)
  2 trolls (D:9)
  Prince Ribbit (D:6)
  A hippogriff (D:9)
  The ghost of MordorOrchid the Ruffian, an amateur TrWz of Cheibriados (D:4)
  2 hungry ghosts
  Menkaure (D:5)
  A water moccasin (D:9)
  4 sky beasts
  8 orc warriors
  3 slaves (D:6)
  2 hornet zombies
  3 ice beasts
  7 ogres
  2 phantoms
  8 centaurs
  A crocodile (D:9)
  5 big kobolds
  6 bullfrogs
  3 scorpions
  3 wights (D:11)
  3 killer bees (D:7)
  A howler monkey (D:4)
  4 electric eels (D:9)
  A centaur zombie (D:8)
  4 crimson imps
  2 quasits
  A jelly (D:8)
  Crazy Yiuf (D:5)
  6 orc priests
  A bullfrog skeleton (D:5)
  A centaur skeleton (D:5)
  3 hounds
  A gnoll shaman (D:6)
  9 orc wizards
  6 iguanas
  6 worker ants
  A worker ant zombie (D:6)
  16 adders
  10 gnolls (D:6)
  7 river rats
  2 shadow imps
  An ooze (D:7)
  3 adder zombies
  2 adder skeletons
  2 worms
  3 dart slugs
  2 leopard geckos
  33 orcs
  2 giant cockroaches
  25 goblins
  29 hobgoblins
  7 jackals
  19 kobolds
  7 quokkas
  9 ball pythons
  7 bats
  5 frilled lizards
  A leopard gecko skeleton (D:7)
  16 rats
331 creatures vanquished.

Vanquished Creatures (collateral kills)
  A hydra (D:9)
  A centaur skeleton (D:8)
  A bullfrog (D:10)
  A big kobold (D:6)
  2 electric eels (D:6)
  An orc priest (D:6)
  An iguana (D:9)
  A gnoll (D:6)
  2 adders
  A river rat (Sewer)
  8 orcs
  7 ball pythons (Sewer)
  4 goblins (D:6)
  A bat (D:1)
  5 kobolds
  8 rats (Sewer)
45 creatures vanquished.

Grand Total: 376 creatures vanquished

Notes
Turn   | Place    | Note
-------+----------+-------------------------------------------
     0 | D:1      | MordorOrchid the Troll Wizard began the quest for the Orb.
     0 | D:1      | Reached XP level 1. HP: 16/16 MP: 2/2
   110 | D:1      | Reached skill level 1 in Unarmed Combat
   187 | D:1      | Reached XP level 2. HP: 26/26 MP: 4/4
   196 | D:1      | Learned a level 2 spell: Blink
   199 | D:1      | Learned a level 2 spell: Call Imp
   241 | D:1      | Reached skill level 1 in Fighting
  1144 | D:2      | Reached skill level 1 in Summonings
  1144 | D:2      | Reached XP level 3. HP: 33/33 MP: 5/5
  1206 | D:2      | Reached skill level 2 in Unarmed Combat
  1486 | D:2      | Found a snail-covered altar of Cheibriados.
  1501 | D:2      | Became a worshipper of Cheibriados the Contemplative
  1563 | D:2      | Reached XP level 4. HP: 41/41 MP: 6/6
  1897 | D:3      | Reached skill level 3 in Unarmed Combat
  1943 | D:3      | Reached * piety under Cheibriados
  1947 | D:3      | Reached XP level 5. HP: 43/48 MP: 4/7
  2178 | D:3      | Found a glowing drain.
  2182 | Sewer    | Entered a sewer
  2270 | Sewer    | Reached ** piety under Cheibriados
  2418 | Sewer    | Reached *** piety under Cheibriados
  2427 | Sewer    | Reached skill level 4 in Unarmed Combat
  2427 | Sewer    | Reached XP level 6. HP: 34/57 MP: 1/8
  2497 | Sewer    | Learned a level 3 spell: Conjure Flame
  3036 | D:4      | Found a staircase to the Ecumenical Temple.
  3067 | D:4      | Noticed MordorOrchid's ghost (amateur TrWz)
  3078 | D:4      | Killed MordorOrchid's ghost
  3078 | D:4      | Reached XP level 7. HP: 53/65 MP: 3/9
  3220 | D:4      | Reached skill level 1 in Conjurations
  3229 | D:4      | Reached skill level 5 in Unarmed Combat
  3264 | D:4      | Reached skill level 1 in Invocations
  3594 | D:5      | Entered Level 5 of the Dungeon
  3597 | D:5      | Reached skill level 1 in Fire Magic
  3655 | D:5      | Got a warped flail
  3696 | D:5      | Identified the +8 flail of Wofoisat {pain, Fragile MP+9 Dex+3} (You found it on level 5 of the Dungeon)
  3731 | D:5      | Reached **** piety under Cheibriados
  3759 | D:5      | Learned a level 1 spell: Animate Skeleton
  3786 | D:5      | Found a runed door.
  3792 | D:5      | Noticed Crazy Yiuf
  3796 | D:5      | Killed Crazy Yiuf
  3937 | D:5      | Reached XP level 8. HP: 71/72 MP: 8/10
  3977 | D:5      | Found Moitiga's Antique Armour Emporium.
  4033 | D:5      | Found a glowing silver altar of Zin.
  4095 | D:5      | Found a sparkling altar of Nemelex Xobeh.
  4408 | D:5      | Noticed Menkaure
  4416 | D:5      | Killed Menkaure
  4416 | D:5      | Reached skill level 6 in Unarmed Combat
  4666 | D:6      | Noticed Prince Ribbit
  4674 | D:6      | Learned a level 1 spell: Confusing Touch
  4695 | D:6      | Killed Prince Ribbit
  4695 | D:6      | Reached skill level 1 in Necromancy
  4815 | D:6      | Reached ***** piety under Cheibriados
  4938 | D:6      | Reached skill level 1 in Hexes
  4948 | D:6      | Reached skill level 5 in Dodging
  4962 | D:6      | Reached skill level 7 in Unarmed Combat
  5169 | D:6      | Reached XP level 9. HP: 47/79 MP: 6/11
  5227 | D:6      | Noticed Pikel
  5237 | D:6      | Killed Pikel
  5315 | D:6      | Reached skill level 8 in Unarmed Combat
  5494 | D:7      | Reached ****** piety under Cheibriados
  5845 | D:7      | Reached skill level 9 in Unarmed Combat
  6178 | D:8      | Reached XP level 10. HP: 74/87 MP: 10/12
  6231 | D:8      | Noticed a two-headed ogre
  6237 | D:8      | Killed a two-headed ogre
  6265 | D:8      | Learned a level 3 spell: Mephitic Cloud
  6402 | D:8      | Noticed Erica
  6415 | D:8      | Killed Erica
  6672 | D:8      | Reached skill level 1 in Air Magic
  6954 | D:9      | Reached skill level 10 in Unarmed Combat
  6982 | D:9      | Reached skill level 1 in Throwing
  6985 | D:9      | Noticed Maurice
  7104 | D:9      | Killed Maurice
  7319 | D:9      | Found a staircase to the Orcish Mines.
  7372 | D:9      | Reached XP level 11. HP: 83/93 MP: 9/15
  7519 | D:10     | Entered Level 10 of the Dungeon
  7523 | D:10     | Reached skill level 5 in Invocations
  7726 | D:10     | Found a staircase to the Lair.
  7873 | D:10     | Noticed Urug
  7895 | D:10     | Killed Urug
  8127 | D:9      | Noticed a five-headed hydra
  8132 | D:9      | Killed a five-headed hydra
  8219 | D:10     | Found a burning altar of Makhleb.
  8219 | D:10     | Found Egre's Evil Emporium.
  8512 | D:11     | Reached skill level 1 in Armour
  8588 | D:11     | Noticed MordorOrchid's ghost (journeyman TrWz)
  8591 | D:11     | Noticed a purple ugly thing
  8603 | D:11     | Killed MordorOrchid's ghost
  8612 | D:11     | Killed a purple ugly thing
  8770 | D:11     | Noticed a great orb of eyes
  8772 | D:11     | Noticed a dire elephant
  8791 | D:11     | Noticed a six-headed hydra
  8791 | D:11     | a dire elephant changed into a six-headed hydra
  8794 | D:11     | Slain by an eight-headed hydra (shapeshifter)

Skill      XL: |  1  2  3  4  5  6  7  8  9 10 11 |
---------------+----------------------------------+-----
Unarmed Combat | 1 2 3 4 5 7 9 10 | 10.0
Fighting       | 1 2 3 |  3.7
Summonings     | 1 2 |  2.1
Dodging        | 2 3 4 5 6 7 8 |  8.1
Conjurations   | 1 2 |  2.0
Invocations    | 1 2 3 4 5 |  5.0
Fire Magic     | 1 2 |  2.0
Necromancy     | 1 |  1.2
Hexes          | 1 2 |  2.0
Air Magic      | 1 2 |  2.0
Spellcasting   | 3 4 |  4.0
Throwing       | 1 2 |  2.1
Armour         | 2 |  2.6
Stealth        | |  1.0
Translocations | |  0.6
Evocations     | |  0.6

Action                   |  1- 3 |  4- 6 |  7- 9 | 10-12 || total
-------------------------+-------+-------+-------+-------++-------
Melee: Unarmed           |   107 |   208 |   274 |   253 ||   842
       Punch             |     1 |     1 |    16 |    12 ||    30
       Scimitar          |       |       |       |     1 ||     1
Throw: Tomahawk          |       |       |       |     2 ||     2
 Cast: Call Imp          |     1 |    19 |    12 |     6 ||    38
       Magic Dart        |       |     2 |     7 |    12 ||    21
       Animate Skeleton  |       |       |    48 |    42 ||    90
       Confusing Touch   |       |       |     3 |     5 ||     8
       Mephitic Cloud    |       |       |       |    18 ||    18
       Conjure Flame     |       |       |       |     1 ||     1
       Blink             |       |       |       |     1 ||     1
Invok: Bend Time         |       |       |       |     3 ||     3
Evoke: Wand              |       |       |       |     5 ||     5
  Use: Scroll            |       |     4 |     5 |     5 ||    14
       Potion            |       |     2 |     1 |     2 ||     5
 Stab: Sleeping          |     3 |     6 |     6 |     4 ||    19
       Distracted        |       |     3 |       |     1 ||     4
       Confused          |       |       |     3 |     6 ||     9
  Eat: Chunk             |    20 |    12 |    22 |    24 ||    78
Armor: Robe              |    51 |   145 |    79 |    51 ||   326
       Troll leather arm |       |       |       |     7 ||     7
Dodge: Dodged            |    60 |   206 |   173 |   156 ||   595
